[Event "ICC tourney 3362 (40 10)"]
[Site "Internet Chess Club"]
[Date "2024.01.13"]
[Round "5"]
[White "Gruber, Justin:jgrub828"]
[Black "Romanyuk, Nikita:NikitaR"]
[Result "1-0"]
[ICCResult "Black checkmated"]
[WhiteElo "1421"]
[BlackElo "1119"]
[Opening "French: exchange, Svenonius variation"]
[ECO "C00"]
[NIC "FR.01"]
[Time "20:00:05"]
[PlyCount "133"]
[TimeControl "2400+10"]

1. e4 e6 2. Nc3 d5 3. exd5 exd5 4. d4 Nf6 5. Bg5 Be7 6. g3 O-O 7. Bg2 Be6 8.
Nge2 h6 9. Bc1 Nc6 10. b3 Qd7 11. Nf4 Bg4 12. Qd2 Rfe8 13. O-O Nd8 14. Ncxd5
Nxd5 15. Nxd5 c6 16. Nxe7+ Rxe7 17. f3 Bh3 18. Bb2 Bxg2 19. Kxg2 Qe8 20.
Rae1 f6 21. Rxe7 Qxe7 22. Re1 Qd7 23. c4 Nf7 24. Qe3 Ng5 25. f4 Nf7 26. Qe6
Rd8 27. Qxd7 Rxd7 28. Kf3 g5 29. Re6 Kg7 30. d5 cxd5 31. cxd5 Rxd5 32. Bxf6+
Kf8 33. fxg5 Nxg5+ 34. Bxg5 hxg5 35. h4 gxh4 36. gxh4 Rd2 37. a4 Rd3+ 38.
Re3 Rd4 39. Kg3 a6 40. h5 b5 41. axb5 axb5 42. h6 Rd1 43. Kg4 Kg8 44. Re5
Rd4+ 45. Kg5 Rb4 46. Kg6 Rg4+ 47. Kf6 Rb4 48. Re3 Kh7 49. Rg3 Rh4 50. Ke7
Kxh6 51. Kd6 b4 52. Kc5 Kh7 53. Rd3 Kg6 54. Rd4 Rxd4 55. Kxd4 Kf7 56. Kc4
Ke7 57. Kxb4 Kd7 58. Ka5 Kc7 59. Ka6 Kb8 60. Kb6 Ka8 61. b4 Kb8 62. b5 Ka8
63. Kc7 Ka7 64. b6+ Ka8 65. b7+ Ka7 66. b8=Q+ Ka6 67. Qb6# {Black
checkmated} 1-0

[Event "ICC tourney 3362 (40 10)"]
[Site "Internet Chess Club"]
[Date "2024.01.13"]
[Round "5"]
[White "Whiteside, Oren:NotOwen"]
[Black "WILSON, DARRYL J:Combo4U2"]
[Result "1-0"]
[ICCResult "Black resigns"]
[WhiteElo "1361"]
[BlackElo "1178"]
[Opening "English opening"]
[ECO "A20"]
[NIC "EO.24"]
[Time "20:01:42"]
[PlyCount "113"]
[TimeControl "2400+10"]

1. c4 e5 2. g3 g6 3. Bg2 Bg7 4. e3 c6 5. Nc3 Ne7 6. Nge2 O-O 7. d4 Qc7 8.
O-O f6 9. d5 cxd5 10. Nxd5 Nxd5 11. Bxd5+ Kh8 12. Nc3 d6 13. Nb5 Qb6 14. b3
a6 15. Nc3 f5 16. Qd2 Nd7 17. Ba3 Nf6 18. Rfd1 Rd8 19. Rac1 Qc7 20. Na4 e4
21. Bb2 Rb8 22. Bd4 Qe7 23. Nb6 Nxd5 24. Nxd5 Qf7 25. Ba7 Ra8 26. Bb6 Rd7
27. Ba5 Be5 28. Nb6 Rb8 29. Nxd7 Bxd7 30. Bc7 Rc8 31. Bxd6 Bg7 32. Bb4 Bc6
33. Bc3 b5 34. Bxg7+ Kxg7 35. Qc3+ Kh6 36. cxb5 axb5 37. Qe5 Qb7 38. Rd6 Qb8
39. Qf4+ Kg7 40. Rdxc6 Qxf4 41. gxf4 Ra8 42. R1c2 Rb8 43. Kg2 Kh6 44. Kh3
Kh5 45. Rc7 h6 46. R7c6 g5 47. fxg5 hxg5 48. R2c5 g4+ 49. Kg3 Kg5 50. Rd6 b4
51. Rdd5 Rf8 52. Rb5 Rf6 53. Rxb4 Kg6 54. Rbd4 Ra6 55. Rd6+ Rxd6 56. Rxd6+
Kg5 57. a4 {Black resigns} 1-0

[Event "ICC tourney 3362 (40 10)"]
[Site "Internet Chess Club"]
[Date "2024.01.13"]
[Round "5"]
[White "KRISHNAN, SHREYAS:K01-30058648"]
[Black "Dhanasekaran, Neha:SplashDolphin"]
[Result "0-1"]
[ICCResult "White checkmated"]
[WhiteElo "1373"]
[BlackElo "1066"]
[Opening "Scotch: Potter variation"]
[ECO "C45"]
[NIC "SO.05"]
[Time "20:00:21"]
[PlyCount "62"]
[TimeControl "2400+10"]

1. e4 e5 2. Nf3 Nc6 3. d4 exd4 4. Nxd4 Bc5 5. Nb3 Bb6 6. Nc3 Nf6 7. Qe2 d6
8. Be3 O-O 9. O-O-O a5 10. a4 Bd7 11. Bxb6 cxb6 12. Rxd6 Qe7 13. Rd1 Rac8
14. Nd5 Nxd5 15. exd5 Ne5 16. Qe4 Rfd8 17. Re1 f6 18. f4 g6 19. Nd4 Qc5 20.
fxe5 fxe5 21. Nb3 Qc7 22. c3 Bf5 23. Qxe5 Qf7 24. Rd1 Re8 25. Qg3 Re4 26.
Bb5 Rb4 27. Na1 Qg7 28. Nc2 Rb3 29. Nd4 Qh6+ 30. Rd2 Rxb2 31. Nf3 Rb1#
{White checkmated}
0-1

[Event "ICC tourney 3362 (40 10)"]
[Site "Internet Chess Club"]
[Date "2024.01.13"]
[Round "5"]
[White "GAW, ZACHARY:zman-g"]
[Black "STONE, GILBERT L:tightfist"]
[Result "0-1"]
[ICCResult "White checkmated"]
[WhiteElo "1182"]
[BlackElo "1400"]
[Opening "French: advance, Paulsen attack"]
[ECO "C02"]
[NIC "FR.03"]
[Time "20:00:09"]
[PlyCount "154"]
[TimeControl "2400+10"]

1. e4 e6 2. d4 d5 3. e5 c5 4. c3 Nc6 5. Nf3 cxd4 6. cxd4 Qb6 7. Be2 Bd7 8.
Nbd2 Nge7 9. Nb3 Nf5 10. O-O Bb4 11. a3 Be7 12. Bf4 O-O 13. Rc1 Rac8 14. Qd3
Na5 15. Nxa5 Qxa5 16. Rxc8 Rxc8 17. Rc1 a6 18. Rxc8+ Bxc8 19. Bd2 Qc7 20.
Qc3 Qxc3 21. Bxc3 b6 22. Kf1 h5 23. h3 g5 24. Ke1 g4 25. hxg4 hxg4 26. Nh2
g3 27. fxg3 Nxg3 28. Bd3 Bh4 29. Kd1 Nh1 30. Kc2 Nf2 31. Be2 Ne4 32. Nf3
Nxc3 33. Kxc3 Be7 34. Nd2 f6 35. exf6 Bxf6 36. Nf3 Kf7 37. Ne5+ Bxe5 38.
dxe5 Kg6 39. Kd4 Kf5 40. Bf3 Kf4 41. b3 Bd7 42. Be2 a5 43. Bf3 Kg3 44. Ke3
b5 45. b4 axb4 46. axb4 Bc6 47. Kd4 Be8 48. Kc5 Kf4 49. Kd4 Bd7 50. Be2 Kg3
51. Bf3 Kf4 52. Be2 Be8 53. g3+ Kxg3 54. Kc5 Kf4 55. Bxb5 Bxb5 56. Kxb5 d4
57. Kc4 Ke3 58. b5 d3 59. b6 d2 60. b7 d1=Q 61. b8=Q Qc2+ 62. Kb5 Qb3+ 63.
Kc6 Qxb8 64. Kd7 Qxe5 65. Ke7 Kd4 66. Kf7 Kd5 67. Kg6 Qf5+ 68. Kg7 Kd6 69.
Kh8 Ke7 70. Kg7 Qf6+ 71. Kg8 Qg6+ 72. Kh8 Qg1 73. Kh7 Kf7 74. Kh6 Qg2 75.
Kh5 Kf6 76. Kh4 Kf5 77. Kh5 Qh2# {White checkmated} 0-1